 Dungeon Crawl Stone Soup version 0.18.1-48-g4cf74bf (webtiles) character file.

36 Gargoyl the Skirmisher (level 3, -2/29 HPs)
             Began as a Demonspawn Abyssal Knight on Aug 15, 2016.
             Was a Follower of Lugonu.
             Slain by Crazy Yiuf
             ... wielding a +3 quarterstaff of chaos
              (9 damage)
             ... on level 2 of the Dungeon.
             The game lasted 00:01:54 (951 turns).

Gargoyl the Skirmisher (Demonspawn Abyssal Knight)   Turns: 951, Time: 00:01:54

Health: -2/29      AC:  3    Str: 13    XL:     3   Next: 19%
Magic:  13/13      EV: 11    Int: 13    God:    Lugonu [*.....]
Gold:   75         SH:  0    Dex: 12    Spells: 0 memorised, 2 levels left

rFire  . . .     SeeInvis .     a - +1 hand axe
rCold  . . .     Gourm    .     b - +0 leather armour
rNeg   . . .     Faith    .     (no shield)
rPois  .         Spirit   .     (no helmet)
rElec  .         Dismiss  .     (no cloak)
rCorr  .         Reflect  .     (no gloves)
SustAt .         Harm     .     (no boots)
MR     .....                    (no amulet)
Stlth  +.........               (no ring)
                                f - ring of magical power

@: not resistant to hostile enchantments, very unstealthy
A: powered by death 1
a: Depart the Abyss, Renounce Religion


You were on level 2 of the Dungeon.
You worshipped Lugonu.
Lugonu was aware of your devotion.
You were not hungry.

You visited 1 branch of the dungeon, and saw 2 of its levels.
You visited the Abyss 1 time.

You collected 75 gold pieces.

Inventory:

Hand Weapons
 a - a +1 hand axe (weapon)
Armour
 b - a +0 leather armour (worn)
Jewellery
 f - a ring of magical power (left hand)
Scrolls
 d - 3 scrolls of remove curse {unknown}
 g - a scroll of recharging {unknown}
 i - a scroll of enchant weapon {unknown}
 j - a scroll of identify {unknown}
 k - a scroll of noise {unknown}
Potions
 e - 2 potions of heal wounds {unknown}
 h - a potion of degeneration {unknown}
 l - a potion of curing {unknown}
 o - a potion of haste {unknown}
Comestibles
 c - a bread ration
 m - a chunk of flesh
 n - 2 fruits


   Skills:
 + Level 3.4 Fighting
 + Level 2.2 Axes
 + Level 2.4 Armour
 + Level 1.1 Dodging
 + Level 2.5 Invocations


You had 2 spell levels left.
You didn't know any spells.

Dungeon Overview and Level Annotations

Branches:
Dungeon (2/15)

Altars:

Annotations:
D:2 Crazy Yiuf


Innate Abilities, Weirdness & Mutations

You regenerate a little health from kills.


Message History

You slash the hobgoblin!
You kill the hobgoblin!
Lugonu accepts your kill.
Things that are here:
a club; a hobgoblin corpse You enter a teleport trap!
The teleport trap disappears.
Your surroundings suddenly seem different.
Crazy Yiuf the Enlightened comes into view.
He is wielding a quarterstaff of chaos.
Crazy Yiuf cries, "You leg down broken song, no?"
Crazy Yiuf hits you with a quarterstaff of chaos.
Crazy Yiuf freezes you.
Found ten maces.
You see here a mace.
You hit Crazy Yiuf but do no damage.
Crazy Yiuf hits you with a quarterstaff of chaos!
* * * LOW HITPOINT WARNING * * *
You hit Crazy Yiuf but do no damage.
You feel less regenerative.
Crazy Yiuf hits you with a quarterstaff of chaos!
You die...

♣♣ )♣
##)##
#)))#
#)))#
#@g)#
#####


You could see Crazy Yiuf.

Vanquished Creatures
  An adder (D:2)
  A dart slug (D:1)
  4 bats (D:1)
  A giant cockroach (D:2)
  3 goblins
  4 hobgoblins
  2 jackals (D:2)
  2 ball pythons (D:1)
  A giant newt (D:1)
  A kobold (D:1)
  4 rats (D:1)
24 creatures vanquished.

Notes
Turn   | Place    | Note
--------------------------------------------------------------
     0 | Abyss:1  | Gargoyl the Demonspawn Abyssal Knight began the quest for the Orb.
     0 | Abyss:1  | Reached XP level 1. HP: 18/18 MP: 2/2
    44 | Abyss:1  | Noticed a smoke demon
    49 | Abyss:1  | Noticed an apocalypse crab
    53 | D:1      | Escaped the Abyss
   241 | D:1      | Reached * piety under Lugonu
   418 | D:1      | Gained mutation: You regenerate a little health from kills. [demonic ancestry]
   418 | D:1      | Reached XP level 2. HP: 24/24 MP: 3/3
   424 | D:1      | Reached skill level 1 in Dodging
   896 | D:2      | Reached XP level 3. HP: 24/29 MP: 4/4
   949 | D:2      | Noticed Crazy Yiuf
   951 | D:2      | Slain by Crazy Yiuf

Skill      XL: |  1  2 |
---------------+-------+-----
Armour         | 2 |  2.4
Dodging        | 1 |  1.1
Axes           | 2 |  2.2
Fighting       | |  3.4
Invocations    | |  2.5

Action                   || total
-------------------------++-------
Melee: Hand axe          ||    73
Invok: Depart the Abyss  ||     1
Armor: Leather armour    ||    32
Dodge: Dodged            ||    62
